[Event "Titled Tuesday Blitz October 11 Early 2022"]
[White "Ferreira, Vitor Hugo Vieira"]
[Black "Samaganova, Aleksandra"]
[WhiteFideId "2119765"]
[BlackFideId "13800221"]
[WhiteElo "2168"]
[BlackElo "1864"]
[Result "0-1"]
[Round "05"]
[TimeControl "180+1"]
[Date "2022.10.12"]
[WhiteClock "0:00:04"]
[BlackClock "0:00:04"]

1. e4 c5 2. Nf3 e6 3. d4 cxd4 4. Nxd4 a6 5. c4 Qc7 6. Nc3 Nf6 7. a3 b6 8. Be2 Bb7 9. f3 d6 10. O-O Nbd7 11. Be3 Rc8 12. Rc1 Be7 13. Qd2 O-O 14. b4 Qb8 15. Rfd1 Bd8 16. Na4 Bc7 17. Kh1 Rfe8 18. Bg1 d5 19. exd5 exd5 20. c5 Bf4 21. Qb2 Bxc1 22. Rxc1 bxc5 23. bxc5 Bc6 24. Bxa6 Bxa4 25. Qd2 Rxc5 26. Rxc5 Nxc5 27. Nf5 Ne6 28. Bd3 Qb3 29. Nd6 Rd8 30. Nf5 Qd1 31. Qe3 d4 32. Qe4 Nxe4 33. fxe4 Qxd3 34. h3 Qf1 35. Ng3 Qe1 36. Kh2 Nf4 37. Nf5 Qxe4 38. Nh4 g5 39. Bxd4 Rxd4 40. Kg3 gxh4+ 41. Kg4 Ne6+ 42. Kh5 Qg6# 0-1


[Site "https://www.chess.com"]

[Event "Titled Tuesday Blitz October 11 Early 2022"]
[White "Flis, Pawel"]
[Black "Tarasova, Viktoriya"]
[WhiteFideId "1112864"]
[BlackFideId "4175840"]
[WhiteElo "1836"]
[BlackElo "2182"]
[Result "0-1"]
[Round "05"]
[TimeControl "180+1"]
[Date "2022.10.12"]
[WhiteClock "0:01:22"]
[BlackClock "0:01:54"]

1. Nf3 Nf6 2. g3 b6 3. Bg2 Bb7 4. O-O c5 5. d3 e6 6. e4 d6 7. c3 Nbd7 8. Re1 Be7 9. Nbd2 O-O 10. d4 cxd4 11. cxd4 Rc8 12. e5 Nd5 13. a3 dxe5 14. dxe5 Nc5 15. Ne4 Nxe4 16. Rxe4 Nc3 17. Qxd8 Rfxd8 18. Re1 Na4 19. Bg5 Bxg5 20. Nxg5 Bxg2 21. Kxg2 Nxb2 22. Rac1 Nd3 23. Rxc8 Nxe1+ 24. Kf1 Rxc8 25. Kxe1 Rc3 0-1


[Site "https://www.chess.com"]

[Event "Titled Tuesday Blitz October 11 Early 2022"]
[White "Gabrielian, Artur"]
[Black "Sadubayev, Airat"]
[WhiteFideId "4131002"]
[BlackFideId "13713264"]
[WhiteElo "2432"]
[BlackElo "2215"]
[Result "1-0"]
[Round "05"]
[TimeControl "180+1"]
[Date "2022.10.11"]
[WhiteClock "0:00:10"]
[BlackClock "0:00:03"]

1. e4 c6 2. d4 d5 3. e5 Bf5 4. h4 h5 5. Bd3 Bxd3 6. Qxd3 e6 7. Nf3 Ne7 8. Bg5 Qb6 9. Nbd2 c5 10. c4 Nbc6 11. dxc5 Qxc5 12. O-O O-O-O 13. Rfc1 Rd7 14. cxd5 Qxd5 15. Qe3 Kb8 16. Ne4 Nf5 17. Qf4 Be7 18. Bxe7 Ncxe7 19. Nc5 Rc7 20. b4 Ng6 21. Qg5 Nxe5 22. Nxe5 Qxe5 23. Rd1 Qf6 24. Qf4 Qxh4 25. Nd7+ Kc8 26. Qe5 Qc4 27. Nc5 f6 28. Qe1 Re8 29. Rac1 Qg4 30. Nxe6 Rxc1 31. Rxc1+ Kb8 32. Qc3 a6 33. Qc7+ Ka8 34. Nc5 Rb8 35. Nd7 Rh8 36. Nb6+ Ka7 37. Qc5 Qd4 38. Nc8+ Kb8 39. Qxf5 Rd8 40. g3 Qd2 41. Rc5 Qd1+ 42. Kh2 1-0


[Site "https://www.chess.com"]

[Event "Titled Tuesday Blitz October 11 Early 2022"]
[White "Gilmanov, Mansur"]
[Black "Fernandez, Michael"]
[WhiteFideId "4166868"]
[BlackFideId "5803560"]
[WhiteElo "2377"]
[BlackElo "2110"]
[Result "1-0"]
[Round "05"]
[TimeControl "180+1"]
[Date "2022.10.12"]
[WhiteClock "0:01:53"]
[BlackClock "0:01:13"]

1. d4 Nf6 2. Bg5 Ne4 3. Bf4 c5 4. c3 Qb6 5. Qb3 Qxb3 6. axb3 cxd4 7. Bxb8 Rxb8 8. cxd4 a6 9. Nc3 Nf6 10. e4 d6 11. Nf3 Bg4 12. Be2 e6 13. h3 Bh5 14. Kd2 Be7 15. g4 Bg6 16. Ke3 O-O 17. Nh4 d5 18. Nxg6 fxg6 19. e5 Nd7 20. f4 g5 21. f5 exf5 22. gxf5 Rxf5 23. Bg4 1-0


[Site "https://www.chess.com"]

[Event "Titled Tuesday Blitz October 11 Early 2022"]
[White "Goltsev, Dmitry"]
[Black "Hajiyev, Kanan"]
[WhiteFideId "24176710"]
[BlackFideId "13404148"]
[WhiteElo "2257"]
[BlackElo "2118"]
[Result "0-1"]
[Round "05"]
[TimeControl "180+1"]
[Date "2022.10.12"]
[WhiteClock "0:00:17"]
[BlackClock "0:00:12"]

1. e4 c6 2. d4 d5 3. Nc3 a6 4. Nf3 Bg4 5. e5 e6 6. h3 Bh5 7. g4 Bg6 8. Ne2 c5 9. c3 cxd4 10. cxd4 Bb4+ 11. Nc3 Nc6 12. Be3 Qa5 13. Qd2 Nge7 14. a3 Rc8 15. Be2 h5 16. O-O Bxc3 17. bxc3 Qc7 18. Ng5 Na5 19. c4 Nb3 20. Qb4 Nxa1 21. Rxa1 dxc4 22. Bd2 Nd5 23. Qa4+ Qc6 24. Qd1 hxg4 25. Bxg4 c3 26. Rc1 c2 27. Qf3 Nc3 28. Qe3 Na2 29. Bf3 Qc7 30. d5 Nxc1 31. Bxc1 exd5 32. Bxd5 O-O 33. e6 Rce8 34. Bb2 fxe6 35. Nxe6 Rxe6 36. Qxe6+ Bf7 37. Qf5 c1=Q+ 38. Bxc1 Qxc1+ 39. Kg2 Qc7 40. Be4 g6 41. Qf6 Qd8 42. Qe5 Re8 43. Qf4 Qe7 44. Bf3 Kg7 45. Qd4+ Qf6 46. Qb4 Re7 47. h4 Qe5 48. h5 a5 49. Qh4 gxh5 50. Kf1 Bg6 51. Kg2 Rf7 52. Qc4 Qf4 53. Qc3+ Qf6 54. Qe3 Qxf3+ 55. Qxf3 Rxf3 56. Kxf3 Kf6 57. a4 b6 58. Kg3 Be8 59. Kh4 Bxa4 60. Kg3 Bc6 61. Kf4 a4 62. Ke3 a3 63. Kd4 a2 64. f4 a1=Q+ 65. Kc4 Qd1 66. f5 Qd5+ 67. Kb4 Qxf5 68. Kc3 Qd5 69. Kb2 Qc5 70. Kb3 Ke5 71. Ka2 Kd4 72. Kb2 Qc3+ 73. Ka2 Qb4 74. Ka1 Kc3 75. Ka2 Qb2# 0-1


[Site "https://www.chess.com"]

[Event "Titled Tuesday Blitz October 11 Early 2022"]
[White "Gonzalez, Francisco Silva"]
[Black "Kiseljova, Marya"]
[WhiteFideId "1512285"]
[BlackFideId "4155009"]
[WhiteElo "2159"]
[BlackElo "1931"]
[Result "1-0"]
[Round "05"]
[TimeControl "180+1"]
[Date "2022.10.12"]
[WhiteClock "0:02:25"]
[BlackClock "0:01:39"]

1. d4 d5 2. c4 e6 3. Nc3 c5 4. cxd5 exd5 5. Nf3 Nc6 6. dxc5 d4 7. Na4 Bxc5 8. Nxc5 Qa5+ 9. Bd2 Qxc5 10. b4 Nxb4 11. Rc1 Qb6 12. Rb1 d3 13. Bxb4 dxe2 14. Bxe2 Be6 15. O-O Rd8 16. Qa4+ Bd7 17. Rfe1 Bxa4 18. Bb5# 1-0


[Site "https://www.chess.com"]

[Event "Titled Tuesday Blitz October 11 Early 2022"]
[White "Goryachkina, Aleksandra"]
[Black "Araujo Sanchez, Josue"]
[WhiteFideId "4147103"]
[BlackFideId "6416896"]
[WhiteElo "2484"]
[BlackElo "2370"]
[Result "0-1"]
[Round "05"]
[TimeControl "180+1"]
[Date "2022.10.12"]
[WhiteClock "0:00:02"]
[BlackClock "0:00:23"]

1. e4 c6 2. Nf3 d5 3. Nc3 dxe4 4. Nxe4 Nf6 5. Qe2 Bg4 6. Nxf6+ gxf6 7. h3 Bxf3 8. Qxf3 Qd5 9. Be2 Nd7 10. O-O O-O-O 11. Qxd5 cxd5 12. d4 e6 13. Be3 Nb6 14. b3 Kb8 15. c4 dxc4 16. bxc4 f5 17. Rab1 Bg7 18. Rfd1 Rd7 19. d5 Rhd8 20. Bxb6 axb6 21. Bf3 Ka7 22. Rd3 Bf8 23. Rdb3 Bc5 24. a4 e5 25. Rb5 e4 26. Be2 Bd4 27. a5 bxa5 28. Rxa5+ Kb8 29. Rab5 Rc7 30. Kf1 Bc5 31. g3 Rd6 32. f4 Rg6 33. R1b3 Ra6 34. h4 Ra1+ 35. Rb1 Rxb1+ 36. Rxb1 b6 37. Bh5 Ra7 38. Be2 Kc8 39. d6 Kd7 40. Rd1 Ke6 41. Rd5 Bxd6 42. g4 Bxf4 43. Kg2 Ra2 44. gxf5+ Kf6 45. Kf1 Be3 46. h5 h6 47. Rb5 Bc5 48. Rb3 Kxf5 49. Rg3 Ra1+ 50. Kg2 Rg1+ 51. Kh3 Rxg3+ 52. Kxg3 Kg5 53. Bg4 f5 54. Be2 f4+ 55. Kh3 f3 56. Bf1 Kf4 0-1


[Site "https://www.chess.com"]

[Event "Titled Tuesday Blitz October 11 Early 2022"]
[White "Gulevich, Artem"]
[Black "Grot, Blazej"]
[WhiteFideId "24119580"]
[BlackFideId "21835845"]
[WhiteElo "2218"]
[BlackElo "1739"]
[Result "1-0"]
[Round "05"]
[TimeControl "180+1"]
[Date "2022.10.12"]
[WhiteClock "0:02:06"]
[BlackClock "0:01:35"]

1. Nf3 c5 2. b3 e6 3. Bb2 Nf6 4. e3 Nc6 5. Be2 d6 6. O-O Be7 7. d4 b6 8. Nbd2 Bb7 9. c4 O-O 10. Rc1 d5 11. Qc2 Rc8 12. Qb1 cxd4 13. Nxd4 Nxd4 14. Bxd4 Bc5 15. Bb2 Qe7 16. Rfd1 Rfd8 17. h3 d4 18. exd4 Bxd4 19. Bf3 Bxf3 20. Nxf3 Bxb2 21. Qxb2 Rd6 22. Rxd6 Qxd6 23. Qe5 Qxe5 24. Nxe5 Rd8 25. Nc6 Rd7 26. g3 h6 27. b4 Ne4 28. Rc2 a6 29. Nb8 a5 30. Nxd7 axb4 31. Nxb6 Nc5 32. Rb2 Nd3 33. Rb3 Nc5 34. Rxb4 Nd3 35. Rb5 1-0


[Site "https://www.chess.com"]

[Event "Titled Tuesday Blitz October 11 Early 2022"]
[White "Halkias, Stelios"]
[Black "Principe, Gerson"]
[WhiteFideId "4201809"]
[BlackFideId "3804550"]
[WhiteElo "2453"]
[BlackElo "2280"]
[Result "1-0"]
[Round "05"]
[TimeControl "180+1"]
[Date "2022.10.12"]
[WhiteClock "0:00:13"]
[BlackClock "0:00:02"]

1. Nf3 Nf6 2. c4 e6 3. g3 b6 4. Bg2 Bb7 5. O-O Be7 6. Re1 O-O 7. Nc3 d5 8. cxd5 Nxd5 9. e4 Nxc3 10. bxc3 c5 11. d4 cxd4 12. cxd4 Nd7 13. Bf4 Nf6 14. Ne5 Rc8 15. Re3 b5 16. h4 Qb6 17. d5 Rfd8 18. Rd3 exd5 19. exd5 Bd6 20. Rb1 Qc7 21. Nc6 Bxc6 22. dxc6 Bxf4 23. gxf4 Rxd3 24. Qxd3 Qxf4 25. Rxb5 Ng4 26. Qg3 Qc1+ 27. Bf1 h5 28. Rxh5 Nf6 29. Rg5 Ne8 30. Re5 Qxc6 31. Bb5 Qc1+ 32. Kg2 Nf6 33. Rg5 g6 34. h5 Nh7 35. Rd5 Nf6 36. Re5 Qh6 37. hxg6 fxg6 38. Bd3 Kf7 39. Rg5 Re8 40. Bxg6+ Kf8 41. Bxe8 Kxe8 42. Qe5+ Kf7 43. Qc7+ Kf8 44. Qb8+ Kf7 45. Qxa7+ Kf8 46. Qc5+ Kf7 47. Qc7+ Kf8 48. Qd6+ Kf7 49. Qg3 Ne4 50. Qf4+ Nf6 51. Qg3 Ne4 52. Qc7+ 1-0


[Site "https://www.chess.com"]

[Event "Titled Tuesday Blitz October 11 Early 2022"]
[White "Hanley, Craig A"]
[Black "Prokofiev, Valentyn"]
[WhiteFideId "408514"]
[BlackFideId "14160161"]
[WhiteElo "2439"]
[BlackElo "2259"]
[Result "0-1"]
[Round "05"]
[TimeControl "180+1"]
[Date "2022.10.12"]
[WhiteClock "0:00:20"]
[BlackClock "0:01:50"]

1. b3 Nf6 2. Bb2 b6 3. Nf3 Bb7 4. c4 e6 5. Nc3 d5 6. e3 Nbd7 7. d4 a6 8. Be2 Bd6 9. O-O O-O 10. Qc2 Qe7 11. Rad1 Rac8 12. Bd3 dxc4 13. Bxc4 b5 14. Be2 c5 15. Qb1 Rfd8 16. Rfe1 cxd4 17. exd4 Nb6 18. Ne5 Nbd5 19. Nxd5 Nxd5 20. a4 Bxe5 21. dxe5 Nf4 22. Bf1 Nh3+ 0-1


[Site "https://www.chess.com"]

[Event "Titled Tuesday Blitz October 11 Early 2022"]
[White "Hansen, Eric"]
[Black "Ulziikhishigjargal, Ochirkhuyag"]
[WhiteFideId "2606771"]
[BlackFideId "4903188"]
[WhiteElo "2568"]
[BlackElo "1920"]
[Result "1-0"]
[Round "05"]
[TimeControl "180+1"]
[Date "2022.10.11"]
[WhiteClock "0:02:03"]
[BlackClock "0:02:41"]

1. d4 Nf6 2. c4 e6 3. Nf3 d5 4. g3 Be7 5. Bg2 O-O 6. O-O c6 7. Qc2 b6 8. Ne5 Nfd7 9. Nd3 Ba6 10. Nd2 f5 11. Nf4 Rf6 12. cxd5 cxd5 13. Nxd5 exd5 14. Bxd5+ Kh8 15. Bxa8 Bxe2 16. Re1 Ba6 17. Nf3 f4 18. Bxf4 Rxf4 19. gxf4 Bd6 20. Ng5 1-0


[Site "https://www.chess.com"]

[Event "Titled Tuesday Blitz October 11 Early 2022"]
[White "Harsh Suresh"]
[Black "Shuvalov, Evgenij"]
[WhiteFideId "45018464"]
[BlackFideId "4187237"]
[WhiteElo "2180"]
[BlackElo "2049"]
[Result "0-1"]
[Round "05"]
[TimeControl "180+1"]
[Date "2022.10.12"]
[WhiteClock "0:00:06"]
[BlackClock "0:00:05"]

1. Nf3 Nf6 2. c4 c6 3. b3 g6 4. Bb2 Bg7 5. e3 d5 6. Nc3 Ne4 7. Qc1 Nxc3 8. Bxc3 Bxc3 9. Qxc3 O-O 10. d4 Nd7 11. Bd3 Nf6 12. h3 dxc4 13. bxc4 c5 14. d5 e6 15. e4 exd5 16. exd5 Re8+ 17. Kf1 Ne4 18. Bxe4 Rxe4 19. g3 Qf8 20. Kg2 Qg7 21. Qxg7+ Kxg7 22. Rac1 Bd7 23. Rhe1 Rae8 24. g4 Rxe1 25. Rxe1 Rxe1 26. Nxe1 Kf6 27. f4 Ke7 28. Kf3 b5 29. cxb5 Bxb5 30. Ke4 Kd6 31. Nc2 Bc4 32. a3 Bxd5+ 33. Kd3 f6 34. Ne3 Be6 35. h4 h6 36. Ke4 Bxg4 37. Nc4+ Ke6 38. Ke3 Kd5 39. Na5 Bd1 40. Kd2 Ba4 41. Kc3 Bc6 42. Nc4 Ke4 43. f5 g5 44. Nd6+ Ke5 45. Nf7+ Kxf5 46. Nxh6+ Kg6 47. hxg5 fxg5 48. Ng4 Kf5 49. Nh6+ Kf4 50. Kc4 Be8 51. Kxc5 Ke5 52. Ng4+ Kf5 53. Nh6+ Kg6 54. Ng4 Kf5 55. Nh6+ Ke5 56. Ng4+ Kf4 57. Nh6 Ba4 58. Kb4 Bc2 59. Kc3 Bg6 60. Kd4 Kg3 61. Ke5 Kh4 62. Kf6 Kh5 63. Ng8 g4 64. Ke5 g3 65. Nf6+ Kh4 66. Nd5 g2 67. Nf4 g1=Q 68. Nd3 Qa1+ 69. Kd5 Qxa3 70. Kc4 Qxd3+ 71. Kb4 Qd7 72. Ka5 Qd8+ 73. Ka6 Qb6# 0-1


[Site "https://www.chess.com"]

[Event "Titled Tuesday Blitz October 11 Early 2022"]
[White "Haukenfrers, Dale"]
[Black "Ovezdurdyyeva, Jemal"]
[WhiteFideId "2603780"]
[BlackFideId "14001888"]
[WhiteElo "1966"]
[BlackElo "1961"]
[Result "0-1"]
[Round "05"]
[TimeControl "180+1"]
[Date "2022.10.12"]
[WhiteClock "0:00:14"]
[BlackClock "0:00:19"]

1. c3 Nf6 2. d3 g6 3. g3 Bg7 4. f4 d5 5. Nf3 O-O 6. Bg2 c6 7. O-O Qb6+ 8. Kh1 Ng4 9. Na3 Nd7 10. Nc2 e5 11. e4 dxe4 12. dxe4 exf4 13. gxf4 Ndf6 14. Qe2 Nh5 15. e5 c5 16. Ng5 Bf5 17. Ne3 Nxe3 18. Bxe3 Rad8 19. Rad1 Qa5 20. a3 Qc7 21. Qf3 b5 22. Qc6 Qxc6 23. Bxc6 Bd3 24. Rfe1 c4 25. Bf3 h6 26. Ne4 Rfe8 27. Nd6 Re6 28. Bxh5 gxh5 29. Bxa7 f6 30. Nxb5 fxe5 31. Nd4 Ra6 32. fxe5 Rxa7 33. Nc6 Be4+ 34. Kg1 Rxd1 35. Rxd1 Bxc6 36. Rd4 Bxe5 37. Rxc4 Rg7+ 38. Kf2 Rg2+ 39. Ke3 Be8 40. Re4 Rg5 41. h4 Rf5 42. b4 Kf7 43. c4 Ke6 44. c5 Rf1 45. Rc4 Bb5 46. Rc2 Ra1 47. c6 Rxa3+ 48. Kd2 Ra7 49. c7 Rxc7 50. Rc5 Rxc5 51. bxc5 Kd5 52. Ke3 Kxc5 53. Ke4 Bf6 54. Kf5 Bxh4 55. Kg6 Bg5 56. Kxh5 Be8+ 57. Kg4 Kd6 58. Kf5 Ke7 59. Kg4 Kf6 60. Kg3 Kg6 61. Kh3 h5 62. Kg3 Bh6 63. Kg2 Kg5 64. Kg1 Kg4 65. Kg2 h4 66. Kh2 Bf4+ 67. Kh1 Bc6+ 68. Kg1 Kg3 69. Kf1 Bb5+ 70. Kg1 Be3+ 71. Kh1 Bc6# 0-1


[Site "https://www.chess.com"]

[Event "Titled Tuesday Blitz October 11 Early 2022"]
[White "Heinemann, Josefine"]
[Black "Mikhailovsky, Vladimir"]
[WhiteFideId "12900460"]
[BlackFideId "34105414"]
[WhiteElo "2300"]
[BlackElo "2297"]
[Result "0-1"]
[Round "05"]
[TimeControl "180+1"]
[Date "2022.10.12"]
[WhiteClock "0:01:05"]
[BlackClock "0:00:33"]

1. d4 d6 2. c4 e5 3. d5 g6 4. Nc3 Bg7 5. e4 f5 6. f3 Bh6 7. Bxh6 Qh4+ 8. g3 Qxh6 9. Bd3 Nf6 10. Nge2 Qe3 11. Rf1 fxe4 12. Bxe4 Bh3 13. Rf2 O-O 14. Qd2 Qb6 15. g4 Nxg4 16. fxg4 Qxf2+ 17. Kd1 Qf1+ 0-1


[Site "https://www.chess.com"]

[Event "Titled Tuesday Blitz October 11 Early 2022"]
[White "Horak, Martin"]
[Black "Rosh Jain"]
[WhiteFideId "367095"]
[BlackFideId "25789465"]
[WhiteElo "2091"]
[BlackElo "2233"]
[Result "1-0"]
[Round "05"]
[TimeControl "180+1"]
[Date "2022.10.12"]
[WhiteClock "0:00:06"]
[BlackClock "0:00:01"]

1. d4 Nf6 2. Bg5 Ne4 3. h4 h6 4. Bf4 d5 5. Nd2 Bf5 6. e3 e6 7. g4 Bh7 8. Nxe4 Bxe4 9. f3 Bh7 10. Bd3 Be7 11. Bxh7 Bxh4+ 12. Kf1 Rxh7 13. Qd3 Rh8 14. Qb5+ Nd7 15. Qxb7 Bg5 16. Bxg5 f6 17. Bf4 Rb8 18. Qxc7 Rxb2 19. Qxd8+ Kxd8 20. Rh2 Ke7 21. c3 Rb6 22. Rc2 e5 23. Bg3 Rc8 24. Rac1 Rbc6 25. Nh3 g5 26. Nf2 Ke6 27. Nd3 a5 28. Ke2 Rc4 29. Kd2 Ra4 30. Rb1 Ra3 31. Rb3 Rxb3 32. axb3 Rb8 33. Rb2 Nb6 34. Kc2 Rc8 35. Nc5+ Kd6 36. Nb7+ Kc6 37. Nxa5+ Kc7 38. dxe5 fxe5 39. Bxe5+ Kd7 40. b4 Ra8 41. Nb7 Nc4 42. Nc5+ Ke7 43. Bd4 Nxb2 44. Kxb2 Rc8 45. Kb3 Rh8 46. b5 1-0


[Site "https://www.chess.com"]

[Event "Titled Tuesday Blitz October 11 Early 2022"]
[White "Huber, Benedikt"]
[Black "Laohawirapap, Prin"]
[WhiteFideId "12923583"]
[BlackFideId "6205003"]
[WhiteElo "2199"]
[BlackElo "2113"]
[Result "0-1"]
[Round "05"]
[TimeControl "180+1"]
[Date "2022.10.12"]
[WhiteClock "0:02:34"]
[BlackClock "0:02:34"]

1. d4 Nf6 2. Nc3 d5 3. Bf4 g6 4. e3 Bg7 5. Nb5 Na6 6. h3 O-O 7. Nf3 Ne4 8. Be2 c6 9. Nc3 Nxc3 10. bxc3 Qa5 11. O-O Qxc3 12. Bxa6 bxa6 13. Rb1 Bf5 14. Qe2 Qxc2 15. Nd2 Bd3 16. Rfc1 Qxb1 0-1


[Site "https://www.chess.com"]

[Event "Titled Tuesday Blitz October 11 Early 2022"]
[White "Ibarra Jerez, Jose Carlos"]
[Black "Nakamura, Hikaru"]
[WhiteFideId "2226332"]
[BlackFideId "2016192"]
[WhiteElo "2627"]
[BlackElo "2909"]
[Result "0-1"]
[Round "05"]
[TimeControl "180+1"]
[Date "2022.10.11"]
[WhiteClock "0:00:01"]
[BlackClock "0:00:26"]

1. e4 c6 2. Nf3 d5 3. d3 Bg4 4. h3 Bxf3 5. Qxf3 e6 6. g3 g6 7. Bg2 Bg7 8. O-O Nf6 9. Qe2 a5 10. Nd2 a4 11. a3 Nbd7 12. f4 O-O 13. e5 Ne8 14. Nf3 f6 15. d4 Nc7 16. h4 c5 17. c3 h5 18. Qd3 f5 19. Be3 Qe7 20. Rf2 Rfc8 21. Bf1 cxd4 22. cxd4 Nb6 23. Bd2 Nc4 24. Bb4 Qd7 25. Rc2 Bf8 26. Be1 Ra6 27. Nd2 b5 28. Nf3 Rc6 29. Qd1 Na6 30. Qe2 Qa7 31. Qf2 Be7 32. Rac1 Bd8 33. Bxc4 bxc4 34. Bc3 Bb6 35. Kh2 Rb8 36. Rg1 Nc7 37. Ng5 Nb5 38. Rd2 Bd8 39. Bb4 Bb6 40. Nf3 Ba5 41. Bxa5 Qxa5 42. Rc2 Nc7 43. Rgc1 Rb3 44. Nd2 Rd3 45. Rc3 Rxc3 46. bxc3 Rb6 47. Rb1 Nb5 48. Qe3 Nxa3 49. Rxb6 Qxb6 50. Qe1 Qb2 51. Kh3 Nc2 52. Qd1 a3 53. Nb1 Ne3 54. Qa4 Qg2# 0-1


[Site "https://www.chess.com"]

[Event "Titled Tuesday Blitz October 11 Early 2022"]
[White "Ilkhomi, Jaloliddin"]
[Black "Tiarks, Jann-Christian"]
[WhiteFideId "14700948"]
[BlackFideId "12951595"]
[WhiteElo "2045"]
[BlackElo "2194"]
[Result "1-0"]
[Round "05"]
[TimeControl "180+1"]
[Date "2022.10.12"]
[WhiteClock "0:00:34"]
[BlackClock "0:00:16"]

1. d4 c5 2. e3 cxd4 3. exd4 d5 4. c3 Nf6 5. Bf4 Nc6 6. Nd2 Bf5 7. Ngf3 h6 8. Qb3 Qc8 9. Rc1 e6 10. Bb5 Be7 11. O-O O-O 12. Ne5 a6 13. Bd3 Nh5 14. Nxc6 Qxc6 15. Bxf5 Nxf4 16. Bg4 b5 17. g3 Ng6 18. f4 a5 19. f5 exf5 20. Bxf5 Bg5 21. Qc2 Rfe8 22. Rce1 Rxe1 23. Rxe1 Re8 24. Qd1 Re3 25. Rxe3 Bxe3+ 26. Kg2 Qf6 27. Bxg6 Qxg6 28. Nf3 h5 29. Qe2 Bh6 30. Kf2 Qf5 31. Qxb5 Qc2+ 32. Qe2 Qb1 33. a3 g6 34. Qe8+ Kg7 35. Qe5+ Kg8 36. Qe2 Qh1 37. Qe8+ Kg7 38. Qe5+ Kg8 39. Qxd5 Bc1 40. Qa8+ Kg7 41. Qe4 Bxb2 42. Qe5+ Kg8 43. Qb8+ Kg7 44. Qxb2 1-0


[Site "https://www.chess.com"]

[Event "Titled Tuesday Blitz October 11 Early 2022"]
[White "Johnson, Ben"]
[Black "Sowul, Bartosz"]
[WhiteFideId "2010917"]
[BlackFideId "1137590"]
[WhiteElo "2207"]
[BlackElo "2188"]
[Result "0-1"]
[Round "05"]
[TimeControl "180+1"]
[Date "2022.10.12"]
[WhiteClock "0:00:01"]
[BlackClock "0:01:24"]

1. Nf3 c5 2. c4 Nc6 3. Nc3 g6 4. e3 Nf6 5. d4 cxd4 6. exd4 d5 7. cxd5 Nxd5 8. Qb3 Nxc3 9. Bc4 e6 10. bxc3 Bg7 11. O-O O-O 12. Bg5 Qd6 13. Be2 b6 14. Rad1 Na5 15. Qc2 Bb7 16. Ne5 f6 17. Nxg6 hxg6 18. Bh4 f5 19. Bg3 Qd7 20. h4 Rac8 21. Rfe1 Qc6 22. Bf3 Qxc3 23. Qxc3 Rxc3 24. Bxb7 Nxb7 25. Rxe6 Kf7 26. d5 Rd8 27. Bf4 Nc5 28. Rc6 Ne4 29. Re1 Rxd5 0-1


[Site "https://www.chess.com"]

[Event "Titled Tuesday Blitz October 11 Early 2022"]
[White "Jovic, Stanoje"]
[Black "Mrudul Dehankar"]
[WhiteFideId "905020"]
[BlackFideId "25096990"]
[WhiteElo "2238"]
[BlackElo "2068"]
[Result "0-1"]
[Round "05"]
[TimeControl "180+1"]
[Date "2022.10.12"]
[WhiteClock "0:00:03"]
[BlackClock "0:00:07"]

1. c4 e5 2. g3 Nf6 3. Bg2 d5 4. cxd5 Nxd5 5. Nf3 Nc6 6. O-O Be7 7. d4 e4 8. Ne5 f5 9. Nxc6 bxc6 10. Qc2 Qd6 11. Nd2 Ba6 12. Nc4 Qe6 13. b3 O-O 14. Bb2 c5 15. dxc5 Bxc5 16. Rac1 Nb6 17. Ne3 Bd6 18. Rfd1 Rad8 19. a4 f4 20. gxf4 Rxf4 21. a5 Nd7 22. Rxd6 cxd6 23. Qc7 Rdf8 24. Rc6 Rc8 25. Qxc8+ Bxc8 26. Rxc8+ Rf8 27. Rc7 Qxb3 28. Bxg7 Kxg7 29. Rxd7+ Rf7 30. Rxf7+ Kxf7 31. Bxe4 Qa3 32. Bxh7 Qa1+ 33. Kg2 Qg7+ 34. Kf3 Qxh7 35. Ng4 Qb1 36. h4 Qb3+ 37. e3 Qb7+ 38. Kg3 Qb5 39. f4 Qxa5 40. e4 Qc5 41. e5 a5 42. h5 Qc3+ 43. Kh4 dxe5 44. Nxe5+ Kg7 45. Kg5 Qg3+ 46. Ng4 a4 47. h6+ Kh7 48. f5 Qd6 49. Nf6+ Kh8 0-1


[Site "https://www.chess.com"]

[Event "Titled Tuesday Blitz October 11 Early 2022"]
[White "Kaganskiy, Gleb"]
[Black "Martynenko, Ivan"]
[WhiteFideId "4132025"]
[BlackFideId "2053179"]
[WhiteElo "2165"]
[BlackElo "2220"]
[Result "1-0"]
[Round "05"]
[TimeControl "180+1"]
[Date "2022.10.12"]
[WhiteClock "0:00:31"]
[BlackClock "0:00:18"]

1. e4 c5 2. Nf3 d6 3. Bb5+ Bd7 4. Bxd7+ Qxd7 5. c4 Nc6 6. d4 cxd4 7. Nxd4 Nf6 8. Nc3 g6 9. b3 Bg7 10. Bb2 O-O 11. O-O Nxd4 12. Qxd4 Qg4 13. Nd5 Rae8 14. f3 Qd7 15. Qxa7 Nxd5 16. Bxg7 Kxg7 17. exd5 f5 18. Rfe1 Rf7 19. Re6 Qc7 20. Qd4+ Kg8 21. Rae1 Qa5 22. R1e2 Qc7 23. h4 Rg7 24. Kh1 Kf8 25. Qf4 Kg8 26. h5 gxh5 27. Qxf5 Rf8 28. Qxh5 Rff7 29. Qh4 Qc5 30. Qf2 Qb4 31. Qe1 Qa3 32. Rxe7 Rxe7 33. Rxe7 Rxe7 34. Qxe7 Qc1+ 35. Kh2 Qf4+ 36. Kh3 Qf5+ 37. Kg3 Qg6+ 38. Kf2 Qc2+ 39. Qe2 Qc3 40. g4 b5 41. cxb5 Qd4+ 42. Kg2 Qxd5 43. b6 Qc5 44. b7 Qb6 45. Qe8+ 1-0


[Site "https://www.chess.com"]

[Event "Titled Tuesday Blitz October 11 Early 2022"]
[White "Karas, Marek"]
[Black "Orzech, Dominik"]
[WhiteFideId "14928558"]
[BlackFideId "1115065"]
[WhiteElo "2220"]
[BlackElo "2272"]
[Result "0-1"]
[Round "05"]
[TimeControl "180+1"]
[Date "2022.10.12"]
[WhiteClock "0:00:01"]
[BlackClock "0:00:56"]

1. d4 Nf6 2. Nf3 c5 3. d5 g6 4. Nc3 Bg7 5. e4 O-O 6. Bd3 e6 7. O-O exd5 8. exd5 d6 9. Bg5 h6 10. Bh4 Na6 11. Re1 Nc7 12. Bf1 Rb8 13. a4 b6 14. Bc4 a6 15. Qe2 g5 16. Bg3 Qd7 17. Rad1 b5 18. axb5 axb5 19. Ba2 b4 20. Ne4 Nxe4 21. Qxe4 f5 22. Qe7 f4 23. Qxd7 Bxd7 24. Re7 Rf7 25. Rde1 fxg3 26. hxg3 Re8 27. Rxe8+ Bxe8 28. Nd2 Bxb2 29. Nc4 Rd7 30. Nxb2 Bf7 31. Rd1 Kg7 32. Na4 Nb5 33. Bc4 Na3 34. Bd3 Re7 35. Nb6 Re5 36. Bf1 Nxc2 37. Bc4 Nd4 38. Nc8 Bxd5 39. Bf1 Ba2 40. Nxd6 Rd5 41. Ne4 Nf3+ 42. gxf3 Rxd1 0-1


[Site "https://www.chess.com"]

[Event "Titled Tuesday Blitz October 11 Early 2022"]
[White "Kazakov, Mikhail"]
[Black "Ambartsumova, Karina"]
[WhiteFideId "14102749"]
[BlackFideId "4166299"]
[WhiteElo "2413"]
[BlackElo "2299"]
[Result "1-0"]
[Round "05"]
[TimeControl "180+1"]
[Date "2022.10.12"]
[WhiteClock "0:00:10"]
[BlackClock "0:00:16"]

1. e4 e5 2. Nf3 Nc6 3. Bb5 Nf6 4. d3 d6 5. O-O Bd7 6. c3 g6 7. Na3 Bg7 8. Nc2 O-O 9. Ne3 a6 10. Ba4 Nh5 11. Nd5 Kh8 12. h3 Rc8 13. Re1 Qe8 14. d4 Nxd4 15. Bxd7 Nxf3+ 16. Qxf3 Qxd7 17. g4 Nf4 18. Nxf4 exf4 19. Bxf4 Rce8 20. Rad1 Qc6 21. Kg2 Qa4 22. a3 Re6 23. Bg3 Kg8 24. Qd3 Rfe8 25. f3 Qb3 26. Rd2 f5 27. gxf5 gxf5 28. Rde2 fxe4 29. fxe4 Rg6 30. Kh1 Qe6 31. Bf4 Rf8 32. Rf2 Be5 33. Ref1 Re8 34. Qd5 c6 35. Qxe6+ Rgxe6 36. Bxe5 Rxe5 37. Rf7 R8e7 38. Rxe7 Rxe7 39. Rf4 Kg7 40. Kg2 Kg6 41. Kf3 a5 42. Rg4+ Kf6 43. Rf4+ Ke6 44. Rh4 a4 45. Ke3 b5 46. Kd4 Kd7 47. Rh6 c5+ 48. Kd3 Kc6 49. h4 Rd7 50. e5 Kd5 51. exd6 Rxd6 52. Rxh7 Ke5+ 53. Kc2 Kf4 54. Rh5 c4 55. Rxb5 Kg4 56. Rc5 Kxh4 57. Rxc4+ Kg5 58. Rxa4 Kf6 59. Rb4 Ke7 60. a4 Kd7 61. a5 Kc7 62. Rb5 Ra6 63. b4 Kc6 64. Rb6+ Rxb6 65. axb6 Kxb6 66. Kb3 Kc6 67. c4 Kb6 68. c5+ Kc6 69. Kc4 Kc7 70. b5 Kb7 71. c6+ Kc7 72. Kc5 Kc8 73. b6 Kb8 74. Kd6 Kc8 75. b7+ Kb8 76. c7+ Kxb7 77. Kd7 Ka7 78. c8=Q Kb6 79. Qc6+ Ka5 80. Qb7 Ka4 81. Kc6 Ka3 82. Kc5 Ka2 83. Kc4 Ka1 84. Kc3 Ka2 85. Qb2# 1-0


[Site "https://www.chess.com"]